 Dungeon Crawl Stone Soup version 0.28-a0-691-gad6df49e81 (webtiles) character file.

Game seed: 12443041059597579433

79510 Twinkles the Grappler (level 15, -3/156 HPs)
             Began as a Troll Berserker on Oct 16, 2021.
             Was a High Priest of Trog.
             Killed from afar by a hellion (19 damage)
             ... with damnation
             ... on level 3 of the Abyss on Oct 21, 2021.
             The game lasted 03:13:06 (29204 turns).

Twinkles the Grappler (Troll Berserker)            Turns: 29204, Time: 03:13:06

Health: -3/156     AC: 16    Str: 40    XL:     15   Next: 21%
Magic:  14/14      EV: 26    Int:  7    God:    Trog [*****.]
Gold:   146        SH:  7    Dex: 18    Spells: 14/14 levels left

rFire   + + .      SeeInvis .     - Unarmed
rCold   x . .      Faith    .   v - +0 kite shield
rNeg    + + +      Spirit   .   d - +1 fire dragon scales of the Loofah {rPois rF++ rC- rN++}
rPois   +          Reflect  .   (helmet restricted)
rElec   .          Harm     .   B - +2 ratskin cloak {*Rats rPois rN+ Str-1 Int-1 Dex+1}
rCorr   .          Rampage  .   (gloves unavailable)
Will    +++..                   (boots unavailable)
Stlth   ..........              w - amulet of Moaclum {Acrobat Str+3 Int+3 Dex+2 Stlth-}
HPRegen 2.36/turn               m - +6 ring of dexterity
MPRegen 0.14/turn               K - +6 ring of strength

@: strong-willed, acrobatic, regenerating, studying Armour
A: large, unfitting armour, claws 3, regeneration 1, shaggy fur 1, tough skin 1
a: Renounce Religion, Berserk, Trog's Hand, Brothers in Arms


You were on level 3 of the Abyss.
You worshipped Trog.
Trog was extremely pleased with you.
You visited 4 branches of the dungeon, and saw 24 of its levels.
You visited the Abyss 1 time.
You also visited: Volcano.

You collected 3104 gold pieces.
You spent 2958 gold pieces at shops.

Inventory:

Hand Weapons
 b - a +3 dagger of venom
 n - the +4 trident "Zogumyec" {vorpal, rN++}
   (You found it on level 11 of the Dungeon)

   It inflicts extra damage upon your enemies.
   rN:        It greatly protects you from negative energy.
 r - a +2 dagger of electrocution
Missiles
 c - 7 silver boomerangs
 e - 2 throwing nets
 p - 17 boomerangs
 s - 613 stones
 t - 194 sling bullets
 u - 82 poisoned darts (quivered)
 O - 23 large rocks
 R - a curare-tipped dart
Armour
 a - a +0 animal skin
 d - the +1 fire dragon scales of the Loofah (worn) {rPois rF++ rC- rN++}
   (You bought it in a shop on level 2 of the Orcish Mines)

   rF:        It greatly protects you from fire.
   rC:        It makes you vulnerable to cold.
   rPois:     It protects you from poison.
   rN:        It greatly protects you from negative energy.
 k - a +0 troll leather armour
 v - a +0 kite shield (worn)
 B - the +2 ratskin cloak (worn) {*Rats rPois rN+ Str-1 Int-1 Dex+1}
   (You acquired it on level 6 of the Lair of Beasts)

   When the wearer is hurt, rats may emerge from it to assist them.
   Str:       It affects your strength (-1).
   Int:       It affects your intelligence (-1).
   Dex:       It affects your dexterity (+1).
   rPois:     It protects you from poison.
   rN:        It protects you from negative energy.
 S - +1 steam dragon scales
Jewellery
 g - a ring of resist corrosion
 m - a +6 ring of dexterity (left claw)
 o - an amulet of the acrobat
 w - the amulet of Moaclum (around neck) {Acrobat Str+3 Int+3 Dex+2 Stlth-}
   (You bought it in a shop on level 12 of the Dungeon)

   [amulet of the acrobat]

   It increases your evasion while moving and waiting.
   Str:       It affects your strength (+3).
   Int:       It affects your intelligence (+3).
   Dex:       It affects your dexterity (+2).
   Stlth:     It makes you less stealthy.
 z - a +6 ring of strength
 K - a +6 ring of strength (right claw)
 M - an amulet of guardian spirit
 Q - a ring of poison resistance
Wands
 h - a wand of acid (3)
 i - a wand of iceblast (3)
 j - a wand of polymorph (6)
 q - a wand of flame (66)
Scrolls
 f - 3 scrolls of noise
 x - a scroll of summoning {unknown}
 y - 2 scrolls of enchant armour
 D - 2 scrolls of blinking
 E - 3 scrolls of fear
 F - a scroll of fog
 V - 2 scrolls of vulnerability
 W - a scroll of holy word
 X - 3 scrolls of magic mapping
 Y - 4 scrolls of teleportation
 Z - 7 scrolls of identify
Potions
 A - 3 potions of attraction
 C - 2 potions of cancellation
 G - 2 potions of ambrosia
 H - 4 potions of haste
 I - 4 potions of invisibility
 J - 6 potions of curing
 L - a potion of flight
 N - a potion of heal wounds
 P - 3 potions of lignification
 T - a potion of berserk rage
 U - a potion of mutation
Miscellaneous
 l - a condenser vane


   Skills:
 + Level 11.9 Fighting
 + Level 12.5 Throwing
 - Level 5.5 Armour
 - Level 10.6 Dodging
 + Level 14.0 Unarmed Combat
 + Level 5.0 Evocations


You had 14 spell levels left.
You didn't know any spells.
Your spell library was empty.

Dungeon Overview and Level Annotations

Branches:
Dungeon (15/15)            Temple (1/1) D:7            Lair (6/6) D:9
 Shoals (0/4) Lair:2        Slime (0/5) Lair:5          Orc (2/2) D:10
    Elf (0/3) Orc:2        Vaults (0/5) D:13        Volcano (visited)
  Snake: Lair:2-4    Spider: Lair:2-4    Depths: D:15

Altars:
Ashenzari
Cheibriados
Dithmenos
Elyvilon
Fedhas
Gozag
Hepliaklqana
Kikubaaqudgha
Makhleb
Nemelex Xobeh
Okawaru
Qazlal
Ru
Sif Muna
Trog
Uskayaw
Vehumet
Wu Jian
Xom
Yredelemnul
Zin
The Shining One
Beogh
Jiyva

Shops:
D:6 =   D:9 (   D:12 =   Orc:2 [*[?

Annotations:
D:3 3 runed translucent doors, AlleluiaPinecone's ghost, amateur VSBr; Dittersdorf's ghost, amateur GrFi; MisterAzrael's ghost, amateur HOFi; quoriil's ghost, amateur OpEE
D:4 exclusions: downstairs and necrophage
D:5 Grinder; Menkaure
D:7 exclusion: troll
D:8 exclusion: 3 downstairs
D:13 2 transporters, ALWAYSlose's ghost, journeyman DsGl
Lair:1 1 runed translucent door
Lair:2 exclusion: oklob plant
Lair:3 Fannar
Lair:5 exclusion: downstairs
Orc:1 3 runed translucent doors, Qieck's ghost, journeyman DrCj; Zoecucy's ghost, journeyman DsWn


Innate Abilities, Weirdness & Mutations

You are too large for most types of armour.
You have claws for hands.
Your natural rate of healing is unusually fast.
You are covered in fur. (AC +1)
You have tough skin. (AC +1)


Message History

The ufetubus closely misses your hell rat.
Your hell rat misses the ufetubus.
The small abomination closely misses you.
A smoke demon comes into view.
Something barely misses your hell rat. Something closely misses your hell rat.
The small abomination completely misses you.
Something closely misses your hell rat. Something hits your hell rat.
Your hell rat completely misses the ufetubus.
The small abomination hits you!
The ufetubus barely misses your hell rat.
The ufetubus closely misses your hell rat.
A hellion comes into view.
The hellion gives a hideous shriek!
The hellion gestures at you.
The sphere of damnation explodes!
The damnation engulfs you!!
* * * LOW HITPOINT WARNING * * *
A river rat scurries out from under your cloak.
The damnation engulfs the small abomination!!
You hear a bark!
The small abomination hits your river rat!
The small abomination closely misses your river rat.
Your river rat barely misses the small abomination.
The small abomination hits your river rat!
Your river rat dies!
Something closely misses your hell rat. x2
Your hell rat returns to the shadows of the Dungeon!
The hellion gestures at you.
The sphere of damnation explodes!
The damnation engulfs you!!
* * * LOW HITPOINT WARNING * * *
You hear a shout!
You hear a chilling moan.
Your skin crawls.
You feel strong-willed. The small abomination hits you.
* * * LOW HITPOINT WARNING * * *
Your stone giant goes berserk!
The small abomination hits you.
* * * LOW HITPOINT WARNING * * *
The hellion gestures at you.
The sphere of damnation explodes!
The damnation engulfs you!!
You die...

.. .. .# #.## #
.. ≈# ≈≈≈ ..
#.# #. ≈##.# .#
..# #≈ . ..
.#.# .. ##≈#.
≈#... 2#
.≈≈##..# ####.
# #.#@.# #§§#
##.#xC#..#
#.#.#..2.5.####
####..#.....##
.........### .
.##..4#3..# .#
##..##.##.#
#..#..###. .#
.#.#.# #..##..


You could see a hellwing, a smoke demon, a hellion, a small abomination (ally
target), an ufetubus and a friendly stone giant (summoned, berserk).

Vanquished Creatures
  An ettin (Orc:1)
  4 boulder beetles
  Erolcha (Orc:1)
  3 catoblepae (Lair:6)
  2 ogre magi (Orc:2)
  3 hydras
  3 centaur warriors
  11 two-headed ogres
  7 death yaks (Lair:6)
  An orc high priest (Orc:1)
  A large abomination (Abyss:3)
  3 skeletal warriors (D:12)
  2 deep trolls (Orc:1)
  A harpy (shapeshifter) (D:13)
  An orc knight (D:13)
  2 deep elf pyromancers
  A necromancer (Lair:3)
  4 cyclopes
  6 ugly things
  An orc sorcerer (Orc:1)
  2 manticores (Lair:6)
  A black mamba (Lair:3)
  2 merfolk sirens (Lair:2)
  9 elephants
  10 cane toads
  A cane toad (shapeshifter) (D:15)
  A gargoyle (D:14)
  A smoke demon (Abyss:3)
  A kobold demonologist (D:13)
  14 komodo dragons
  A rime drake (Lair:2)
  An unseen horror (D:11)
  3 yaktaurs (D:13)
  A jumping spider (shapeshifter) (D:14)
  2 merfolk (Lair:2)
  10 trolls
  21 blink frogs
  3 polar bears
  4 slime creatures
  A dream sheep (Lair:5)
  A shadow (D:9)
  6 wyverns
  A wraith (D:12)
  3 basilisks
  30 yaks
  A chaos spawn (Abyss:3)
  4 hogs (D:12)
  5 steam dragons
  A human (D:12)
  2 vampire mosquitoes (D:13)
  6 wargs (Orc:1)
  Edmund (D:5)
  An acid dragon (D:14)
  2 nagas (Lair:2)
  A water moccasin (shapeshifter) (D:9)
  8 water moccasins
  An elephant zombie (Lair:3)
  An ice beast (D:5)
  19 orc warriors
  4 black bears
  18 ogres
  A necrophage (D:5)
  3 boggarts (D:14)
  26 wolves
  6 centaurs
  A phantom (D:5)
  2 komodo dragon zombies (Lair:3)
  6 kobold brigands
  18 bullfrogs
  A wyvern zombie (D:9)
  4 scorpions
  A water moccasin skeleton (D:4)
  13 killer bees
  A vampire bat (D:6)
  3 wights (D:9)
  6 howler monkeys
  8 electric eels
  A crimson imp (D:7)
  A basilisk zombie (Lair:3)
  2 centaur zombies
  3 bullfrog zombies
  3 hounds
  16 orc priests
  5 centaur skeletons
  2 gnoll shamans (D:9)
  2 iguanas (D:6)
  A scorpion zombie (D:5)
  28 orc wizards
  4 hell rats (Lair:2)
  A killer bee zombie (D:7)
  A hound skeleton (D:5)
  Robin (D:4)
  7 gnolls
  11 adders
  A howler monkey skeleton (D:4)
  2 white imps (D:6)
  A worm (D:4)
  4 dart slugs
  105 orcs
  5 ball pythons
  5 bats
  2 bat skeletons (D:6)
  3 bat zombies (D:6)
  8 endoplasms
  4 giant cockroaches
  15 goblins
  12 hobgoblins
  4 jackals (D:1)
  11 kobolds
  2 quokkas
  3 frilled lizards
  7 rats
646 creatures vanquished.

Vanquished Creatures (collateral kills)
  3 hydras
  A boulder beetle (D:11)
  2 slime creatures
  A basilisk (Lair:2)
  3 yaks (Lair:6)
  4 ogres (Orc:1)
  A bullfrog (Lair:2)
15 creatures vanquished.

Vanquished Creatures (others)
  An orc wizard (D:5)
  An orc (D:10)
  A goblin (D:4)
  33 fungi
  68 plants
104 creatures vanquished.

Grand Total: 765 creatures vanquished

Notes
Turn   | Place    | Note
-------+----------+-------------------------------------------
     0 | D:1      | Twinkles the Troll Berserker began the quest for the Orb.
     0 | D:1      | Reached XP level 1. HP: 22/22 MP: 0/0
    37 | D:1      | Found a faded altar of an unknown god.
   179 | D:1      | Reached XP level 2. HP: 29/29 MP: 1/1
  1239 | D:2      | Reached XP level 3. HP: 25/36 MP: 2/2
  1270 | D:2      | Reached ** piety under Trog
  1450 | D:2      | Reached XP level 4. HP: 45/45 MP: 3/3
  2036 | D:2      | Reached skill level 4 in Unarmed Combat
  2163 | D:2      | Reached XP level 5. HP: 46/53 MP: 4/4
  2245 | D:3      | Found a runed translucent gate.
  2245 | D:3      | Found a runed translucent gate.
  2245 | D:3      | Found a runed translucent gate.
  2554 | D:3      | Noticed Dittersdorf's ghost (amateur GrFi)
  2554 | D:3      | Noticed AlleluiaPinecone's ghost (amateur VSBr)
  2555 | D:3      | Noticed quoriil's ghost (amateur OpEE)
  2555 | D:3      | Noticed MisterAzrael's ghost (amateur HOFi)
  2583 | D:3      | Found a white marble altar of Elyvilon.
  2753 | D:4      | Found a basalt altar of Yredelemnul.
  3004 | D:4      | Reached skill level 1 in Throwing
  3018 | D:4      | Noticed Robin
  3032 | D:4      | Reached *** piety under Trog
  3036 | D:4      | Killed Robin
  3172 | D:4      | Noticed a necrophage
  3269 | D:4      | Reached XP level 6. HP: 50/61 MP: 5/5
  3346 | D:4      | Found a bloodstained altar of Trog.
  4196 | D:5      | Entered Level 5 of the Dungeon
  4213 | D:5      | Reached XP level 7. HP: 67/70 MP: 6/6
  4291 | D:5      | Reached skill level 5 in Unarmed Combat
  4591 | D:5      | Noticed Grinder
  4591 | D:5      | Noticed Menkaure
  5084 | D:5      | Noticed Edmund
  5121 | D:5      | Killed Edmund
  5122 | D:5      | Reached XP level 8. HP: 79/79 MP: 7/7
  5422 | D:5      | Reached **** piety under Trog
  5423 | D:5      | Reached skill level 5 in Fighting
  5423 | D:5      | Reached skill level 6 in Unarmed Combat
  5617 | D:6      | Reached skill level 5 in Dodging
  5684 | D:6      | Found an ancient bone altar of Kikubaaqudgha.
  5880 | D:6      | Found an opulent altar of Gozag.
  6030 | D:6      | Found Dier's Jewellery Shoppe.
  6618 | D:6      | Found a radiant altar of Vehumet.
  6895 | D:7      | Reached XP level 9. HP: 88/88 MP: 8/8
  7266 | D:7      | Found a staircase to the Ecumenical Temple.
  7283 | Temple   | Entered the Ecumenical Temple
  7394 | D:7      | Reached skill level 5 in Throwing
  7396 | D:7      | Reached skill level 7 in Unarmed Combat
  8062 | D:7      | Noticed a troll
  8097 | D:7      | Found a shimmering altar of Xom.
  8101 | D:7      | Found a burning altar of Makhleb.
  9639 | D:9      | Noticed a komodo dragon
  9662 | D:9      | Reached skill level 8 in Unarmed Combat
  9662 | D:9      | Reached XP level 10. HP: 100/100 MP: 9/9
  9673 | D:8      | Upgraded the game from 0.28-a0-664-gc179e30c89 to
                  | 0.28-a0-674-gdaf460b524
 10151 | D:9      | Noticed a two-headed ogre
 10768 | D:9      | Found a staircase to the Lair.
 10900 | D:9      | Found a sacrificial altar of Ru.
 11499 | D:10     | Entered Level 10 of the Dungeon
 11767 | D:10     | Reached ***** piety under Trog
 11880 | D:10     | Upgraded the game from 0.28-a0-674-gdaf460b524 to
                  | 0.28-a0-683-ga8797d1ae1
 11923 | D:10     | Found an ornate altar of the Wu Jian Council.
 12083 | D:10     | Found a staircase to the Orcish Mines.
 12142 | D:10     | Reached skill level 9 in Unarmed Combat
 12548 | D:10     | Found a glowing golden altar of the Shining One.
 12549 | D:10     | Found a shadowy altar of Dithmenos.
 12820 | D:11     | Identified the +4 trident "Zogumyec" {vorpal, rN++}
 12894 | D:11     | Noticed a two-headed ogre
 12953 | Lair:1   | Entered Level 1 of the Lair of Beasts
 13064 | Lair:1   | Reached XP level 11. HP: 105/110 MP: 10/10
 13188 | Lair:1   | Received a gift from Trog
 13442 | Lair:1   | Found a runed translucent door.
 14135 | Lair:1   | Reached skill level 10 in Unarmed Combat
 14562 | Lair:1   | Found the -2 hat of the Alchemist {rElec rPois rF+ rC+ rN+
                  | Will+ rMut rCorr}
 14875 | Lair:2   | Noticed a seven-headed hydra
 15139 | Lair:2   | Reached XP level 12. HP: 122/122 MP: 11/11
 15162 | Lair:2   | Noticed a four-headed hydra
 15182 | Lair:2   | Found a staircase to the Shoals.
 15647 | Lair:3   | Noticed Fannar
 16206 | Lair:3   | Reached skill level 11 in Unarmed Combat
 16823 | Lair:4   | Noticed a five-headed hydra
 16889 | Lair:4   | Killed a five-headed hydra
 17625 | Lair:5   | Found a dark tunnel.
 17684 | Volcano  | Entered a volcano
 17716 | Volcano  | Noticed a two-headed ogre
 17900 | Lair:5   | Received a gift from Trog
 17985 | Lair:5   | Noticed a six-headed hydra
 18166 | Lair:5   | Noticed a four-headed hydra
 18176 | Lair:5   | Killed a four-headed hydra
 18177 | Lair:5   | Reached skill level 10 in Throwing
 18332 | Lair:5   | HP: 52/189 [six-headed hydra (5)]
 18334 | Lair:5   | Killed a six-headed hydra
 18453 | Lair:5   | Found a viscous altar of Jiyva.
 18454 | Lair:5   | Found a staircase to the Slime Pits.
 18710 | Lair:2   | Killed a four-headed hydra
 18959 | Lair:2   | Reached XP level 13. HP: 128/133 MP: 12/12
 19044 | Lair:6   | Entered Level 6 of the Lair of Beasts
 19292 | Lair:6   | Reached skill level 10 in Dodging
 19350 | Lair:6   | Reached skill level 10 in Fighting
 19683 | Lair:6   | Identified 2 scrolls of acquirement
 19683 | Lair:6   | Acquired the +2 ratskin cloak {*Rats rPois rN+ Str-1 Int-1
                  | Dex+1}
 19683 | Lair:6   | Found the +2 ratskin cloak {*Rats rPois rN+ Str-1 Int-1
                  | Dex+1}
 19720 | Lair:6   | Acquired 898 gold pieces
 19792 | Lair:6   | Reached skill level 12 in Unarmed Combat
 19810 | Lair:6   | HP: 36/133 [komodo dragon (17)]
 20811 | Lair:6   | Reached skill level 1 in Armour
 20818 | Lair:6   | Reached skill level 1 in Evocations
 21412 | D:9      | Found Goxtubb's Antique Weapon Shoppe.
 22181 | D:12     | Reached XP level 14. HP: 126/144 MP: 13/13
 22186 | D:12     | Upgraded the game from 0.28-a0-683-ga8797d1ae1 to
                  | 0.28-a0-687-gb91baff9cc
 22876 | D:12     | Found a burning altar of Makhleb.
 22876 | D:12     | Noticed a balrug
 22937 | D:12     | Identified the +4 quarterstaff "Emomofut" {vorpal, *Corrode
                  | *Slow Int+9 Dex+7}
 23040 | D:12     | You fall into a shaft and drop 3 floors!
 23040 | D:15     | Entered Level 15 of the Dungeon
 23516 | D:12     | Found Uhalaud's Jewellery Shoppe.
 23521 | D:12     | Bought the amulet of Moaclum {Acrobat Str+3 Int+3 Dex+2
                  | Stlth-} for 733 gold pieces
 23615 | D:13     | Reached skill level 13 in Unarmed Combat
 24076 | D:12     | HP: 34/146 [skeletal warrior (25)]
 24367 | D:13     | Reached skill level 5 in Armour
 24529 | D:13     | Found a gate to the Vaults.
 24707 | D:13     | Noticed ALWAYSlose's ghost (journeyman DsGl)
 24885 | D:13     | Found a transporter.
 24935 | D:13     | Found a transporter.
 25058 | Orc:1    | Entered Level 1 of the Orcish Mines
 25058 | Orc:1    | Noticed Erolcha
 25064 | D:10     | Received a gift from Trog
 25185 | Orc:1    | Killed Erolcha
 25294 | D:10     | Upgraded the game from 0.28-a0-687-gb91baff9cc to
                  | 0.28-a0-691-gad6df49e81
 25821 | Orc:1    | Found a runed translucent gate.
 25822 | Orc:1    | Found a runed translucent gate.
 25822 | Orc:1    | Found a runed translucent gate.
 25823 | Orc:1    | Noticed Zoecucy's ghost (journeyman DsWn)
 25825 | Orc:1    | Noticed Qieck's ghost (journeyman DrCj)
 26082 | Orc:2    | Entered Level 2 of the Orcish Mines
 26174 | Orc:2    | Paralysed by an orc sorcerer for 2 turns
 26488 | Orc:1    | Received a gift from Trog
 26802 | Orc:1    | HP: 65/219 [ettin (42)]
 26808 | Orc:1    | HP: 53/219 [deep troll (9)]
 27147 | Orc:2    | Paralysed by something for 6 turns
 27220 | Orc:1    | Reached XP level 15. HP: 131/156 MP: 14/14
 27255 | Orc:2    | Found Utuc Val's Antique Armour Emporium.
 27267 | Orc:2    | Found Zovusil's Armour Shoppe.
 27268 | Orc:2    | Found Duonaj's Magic Scroll Shop.
 27278 | Orc:2    | Found Etuad's General Store.
 27281 | Orc:2    | Bought a scroll of blinking for 105 gold pieces
 27281 | Orc:2    | Bought a scroll of blinking for 105 gold pieces
 27399 | Orc:2    | Found a staircase to the Elven Halls.
 27702 | Orc:2    | Reached ****** piety under Trog
 28257 | D:13     | Received a gift from Trog
 28549 | Orc:2    | Bought glimmering fire dragon scales for 2015 gold pieces
 28549 | Orc:2    | Identified the +1 fire dragon scales of the Loofah {rPois
                  | rF++ rC- rN++} (You bought it in a shop on level 2 of the
                  | Orcish Mines)
 28999 | D:14     | Reached skill level 14 in Unarmed Combat
 29109 | D:14     | Found a shadowy altar of Dithmenos.
 29135 | D:14     | Cast into level 3 of the Abyss (a wizard)
 29176 | Abyss:3  | HP: 44/156 [chaos spawn (18)]
 29179 | Abyss:3  | Reached skill level 5 in Evocations
 29196 | Abyss:3  | HP: 33/156 [hellion/damnation (32)]
 29201 | Abyss:3  | HP: 20/156 [hellion/damnation (20)]
 29204 | Abyss:3  | Killed from afar by a hellion

Illustrated notes

Levels and vault maps discovered:
D:1:      dpeg_arrival_orchard, layout_basic, basic_ecumenical_altar
D:2:      layout_basic
D:3:      layout_basic, nicolae_elyvilon_temple_path, gammafunk_ghost_cemetery,
          minmay_ruptured
D:4:      layout_gridville, mainiacjoe_overflow_boulevard,
          mainiacjoe_overflow_cross_hatched, eino_small_chamber_without_monster,
          uniq_robin
D:5:      layout_basic, grunt_tough_drop, uniq_grinder, uniq_edmund,
          uniq_menkaure
D:6:      layout_loops_ring, kennysheep_vampire_church, fiery_altar_vehumet,
          grunt_gozag_statues, serial_shops, shop
D:7:      layout_rooms, grunt_temple_overflow_champion_of_chaos,
          minmay_temple_entry_poolview, kennysheep_windowed_goal
D:8:      layout_loops_cross
D:9:      layout_basic, amcnicky_altar_gilded, grunt_lair_entry_orc_guard_hut,
          serial_shops, shop_fountains, minivault_22, minmay_bent
D:10:     layout_rooms, mainiacjoe_overflow_six_doors_small,
          gammafunk_temple_overflow_wave, hiddenorc2_lemuel, serial_park_tiny_2
D:11:     layout_roguey, kennysheep_generic_room_12
D:12:     layout_roguey, serial_shops, shop_fountains, grunt_livestock,
          makhleb_altar_promises_db
D:13:     layout_long_grid, hangedman_vaults_entry_quadrant_bands,
          gammafunk_ghost_hive
D:14:     minmay_bloctagon_deflated, layout_stronghold,
          nicolae_dithmenos_through_a_glass_darkly, minmay_misc_feat_x,
          uniq_josephine
D:15:     gammafunk_enter_depths_forms, layout_rooms, uniq_louise
Temple:   eino_temple_lava
Lair:1:   gammafunk_indiana_jones, layout_gridlike, st_stairs_11,
          gammafunk_lair_bear_cave
Lair:2:   layout_cave_shapes, elwin_shoals_entry_rooms,
          minmay_snake_entry_guardpost_small
Lair:3:   pond_and_an_island_with_a_cottage, layout_loops_ring,
          grunt_megastairs_3, infiniplex_staircase_pool, uniq_fannar
Lair:4:   layout_roguey, st_stairs_7, serial_bayou_shore_b
Lair:5:   layout_loops_ring, slime_altar_1, nicolae_volcano_entry_two_sided
Lair:6:   evilmike_catoblepas_cave, layout_hall_layers, grunt_megastairs_4
Orc:1:    layout_diamond_mine, gammafunk_ghost_cemetery,
          nicolae_orc_stony_grotto, nicolae_orc_rockfall, mines5_lemuel,
          uniq_erolcha
Orc:2:    st_orc_open, layout_caves, mines2_david
Abyss:3:  base: D:1, evilmike_abyss_exit_12, hangedman_decor_points,
          hangedman_abyss_monster_moat, nicolae_abyss_rune_left_handed,
          hangedman_decor_points

Skill      XL: |  1  2  3  4  5  6  7  8  9 10 11 12 13 14 15 |
---------------+----------------------------------------------+-----
Dodging        | 3 4 5 6 7 8 9 10 | 10.6
Fighting       | 3 4 5 6 7 8 9 10 11 | 11.9
Unarmed Combat | 4 5 6 8 9 10 11 12 13 14 | 14.0
Throwing       | 1 2 3 4 6 7 8 10 11 12 | 12.5
Armour         | 3 5 |  5.5
Evocations     | 1 4 5 |  5.0

Action                   |  1- 3 |  4- 6 |  7- 9 | 10-12 | 13-15 || total
-------------------------+-------+-------+-------+-------+-------++-------
Melee: Unarmed           |    31 |       |   172 |   555 |   766 ||  1524
       Dagger            |    54 |   197 |   154 |       |       ||   405
       Punch             |     1 |     3 |       |       |       ||     4
       Trident           |       |       |       |     6 |    39 ||    45
Throw: Stone             |     2 |    43 |    46 |   100 |    66 ||   257
       Throwing net      |     1 |       |       |       |       ||     1
       Dart              |       |       |    12 |   116 |    55 ||   183
       Boomerang         |       |       |       |    15 |     4 ||    19
       Large rock        |       |       |       |       |    13 ||    13
Invok: Berserk           |       |       |    24 |    23 |    27 ||    74
       Trog's Hand       |       |       |     1 |    11 |     1 ||    13
       Brothers in Arms  |       |       |       |     2 |     3 ||     5
Evoke: Wand              |       |       |       |    18 |       ||    18
       Condenser vane    |       |       |       |     1 |       ||     1
  Use: Scroll            |       |     2 |     5 |    11 |    13 ||    31
       Potion            |       |       |     1 |       |       ||     1
Armor: Animal skin       |    27 |    46 |    57 |       |       ||   130
       Steam dragon scal |       |       |    22 |   146 |   254 ||   422
       Fire dragon scale |       |       |       |       |     9 ||     9
Dodge: Dodged            |    28 |   119 |   123 |   291 |   528 ||  1089
Block: Kite shield       |       |    18 |   129 |   178 |   336 ||   661

Table legend: (Time is in decaauts)
 A = Elapsed time spent in this place.
 B = Non-inter-level travel time spent in this place.
 C = Inter-level travel time spent in this place.
 D = Time resting spent in this place.
 E = Time spent auto-exploring this place.
 F = Levels seen in this place.
 G = Mean time per level.
                   A        B        C        D        E       F      G
               +--------+--------+--------+--------+--------+-----+--------+
         Total |  30224 |  27151 |   3073 |   5491 |  14073 |  26 | 1162.5 |
       Dungeon |  18665 |  16623 |   2042 |   3842 |   8167 |  15 | 1244.3 |
        Temple |     82 |     77 |      5 |      0 |     71 |   1 |   82.0 |
          Lair |   8457 |   7786 |    671 |    950 |   4766 |   6 | 1409.5 |
  Orcish Mines |   2896 |   2541 |    355 |    698 |   1069 |   2 | 1448.0 |
         Abyss |     70 |     70 |      0 |      0 |      0 |   1 |   70.0 |
       Volcano |     51 |     51 |      0 |      0 |      0 |   1 |   51.0 |
               +--------+--------+--------+--------+--------+-----+--------+

Top non-repeatable levels by time:
     D:9: 2068 daAuts
     D:6: 2012 daAuts
  Lair:1: 1994 daAuts
  Lair:6: 1988 daAuts
   Orc:1: 1902 daAuts
     D:4: 1640 daAuts
    D:12: 1612 daAuts
    D:13: 1530 daAuts
    D:10: 1481 daAuts
     D:8: 1280 daAuts
     D:5: 1274 daAuts
     D:1: 1243 daAuts
  Lair:5: 1214 daAuts
     D:7: 1162 daAuts
  Lair:4: 1149 daAuts
